 Dungeon Crawl Stone Soup version 0.24.1-8-ga250c9d538 (webtiles) character file.

Game seed: 13142603727528810115, levelgen mode: deterministic

63 Hugehornet the Changer (level 4, -1/28 HPs)
             Began as an Octopode Transmuter on May 9, 2020.
             Slain by a gnoll
             ... wielding a +0 flail
              (3 damage)
             ... on level 2 of the Dungeon.
             The game lasted 00:01:39 (771 turns).

Hugehornet the Changer (Octopode Transmuter)         Turns: 771, Time: 00:01:40

Health: -1/28      AC:  1    Str:  9    XL:     4   Next: 10%
Magic:  1/7        EV: 13    Int: 16    God:
Gold:   37         SH:  0    Dex: 12    Spells: 1/7 levels left

rFire    . . .     SeeInvis .     - Unarmed
rCold    . . .     Gourm    .   (no shield)
rNeg     . . .     Faith    .   (helmet restricted)
rPois    .         Spirit   .   (no amulet)
rElec    .         Reflect  .   (no ring)
rCorr    .         Harm     .   (no ring)
MR       .....                  (no ring)
Stlth    ++........             (no ring)
HPRegen  0.09/turn              (no ring)
MPRegen  0.10/turn              (no ring)
                                (no ring)
                                (no ring)

@: appendage, very slightly contaminated
A: almost no armour, stealthy swim, amphibious, 8 rings, constrict 8, tentacle
spike 3, camouflage 1, gelatinous body 1
a: End Transformation


You were on level 2 of the Dungeon.
You were not hungry.
One of your tentacles had a temporary spike.
You visited 1 branch of the dungeon, and saw 2 of its levels.

You collected 37 gold pieces.

Inventory:

Missiles
 a - 32 arrows
Jewellery
 f - an uncursed ring of protection from cold {unknown}
Scrolls
 b - a scroll of remove curse {unknown}
 e - a scroll of amnesia {unknown}
 i - a scroll of random uselessness {unknown}
 k - a scroll of teleportation {unknown}
Potions
 d - 2 potions of magic {unknown}
 g - a potion of curing {unknown}
 h - 2 potions of mutation {unknown}
 j - a potion of flight {unknown}
 l - a potion of brilliance {unknown}
Comestibles
 c - 3 rations


   Skills:
 - Level 1.0 Fighting
 - Level 2.0 Dodging
 - Level 3.0 Unarmed Combat
 + Level 2.3 Spellcasting
 - Level 3.3 Transmutations
 * Level 2.2 Poison Magic


You had one spell level left.
You knew the following spells:

 Your Spells              Type           Power        Failure   Level  Hunger
a - Beastly Appendage     Tmut           ##....       4%          1    #......
b - Sticks to Snakes      Tmut           ##......     8%          2    ###....
c - Spider Form           Tmut/Pois      ##........   19%         3    ###....

Your spell library contained the following spells:

 Spells                   Type           Power        Failure   Level  Hunger
 Ice Form                 Ice/Tmut       #.......     69%         4    #####..
 Blade Hands              Tmut           ##........   80%         5    ######.


Dungeon Overview and Level Annotations

Branches:
Dungeon (2/15)

Altars:


Innate Abilities, Weirdness & Mutations

You cannot wear most types of armour.
You are very stealthy in the water. (Stealth+)
You are amphibious.
You can wear up to eight rings at the same time.
You can use your tentacles to constrict eight enemies at once.
Your skin changes colour to match your surroundings (Stealth+).
Your rubbery body absorbs attacks. (AC +1, EV +1)
One of your tentacles bears a large vicious spike.


Message History

You barely miss the gnoll. You grab the gnoll.
The gnoll is almost dead.
You constrict the gnoll.
You kill the gnoll!
Your Poison Magic skill increases to level 2!
You have reached level 4!
Casting: Spider Form (safe; 19% risk of failure)
Confirm with . or Enter, or press ? or * to list all spells.
You miscast Spider Form.
You are very lightly contaminated with residual magic.
You feel slightly ill. The gnoll misses you.
You closely miss the gnoll. Your grab misses the gnoll.
The gnoll hits you with a +0 flail!
* * * LOW HITPOINT WARNING * * *
Casting: Spider Form (safe; 19% risk of failure)
Confirm with . or Enter, or press ? or * to list all spells.
One of your tentacles grows a vicious spike.
You closely miss the gnoll. You grab the gnoll. You constrict the gnoll.
The gnoll hits you with a +0 flail.
You die...

#.##....#...%
##..........
..##....# #.# #.#.#
.##.###.###.#.####.
...................
##.###.###)#...###
#.# #g#...#
.##.###.#.#@##).###
.......<...........
###.#####...##.....
#.......... #......
### #...### # .....
##...## #...#


You could see a gnoll.

Vanquished Creatures
  3 gnolls (D:2)
  A dart slug (D:1)
  2 ball pythons (D:1)
  2 giant cockroaches (D:1)
  2 goblins (D:1)
  8 hobgoblins (D:1)
  6 bats (D:1)
  2 frilled lizards (D:1)
  3 kobolds (D:1)
  3 rats (D:1)
32 creatures vanquished.

Notes
Turn   | Place    | Note
-------+----------+-------------------------------------------
     0 | D:1      | Hugehornet the Octopode Transmuter began the quest for the
                  | Orb.
     0 | D:1      | Reached XP level 1. HP: 13/13 MP: 3/3
    42 | D:1      | Reached XP level 2. HP: 16/18 MP: 3/5
    46 | D:1      | Learned a level 2 spell: Sticks to Snakes
   366 | D:1      | Reached XP level 3. HP: 22/23 MP: 4/6
   371 | D:1      | Learned a level 3 spell: Spider Form
   585 | D:1      | Reached skill level 1 in Poison Magic
   767 | D:2      | Reached XP level 4. HP: 12/28 MP: 4/7
   771 | D:2      | Slain by a gnoll

Levels and vault maps discovered:
D:1:      minmay_arrival_three_doors, layout_loops_ring, minmay_hexomino_u4
D:2:      layout_basic, nicolae_qazlal_style_of_elements, uniq_jessica

Skill      XL: |  1  2  3 |
---------------+----------+-----
Transmutations | 3 |  3.3
Poison Magic   | 2 |  2.2
Fighting       | |  1.0
Dodging        | |  2.0
Unarmed Combat | |  3.0
Spellcasting   | |  2.3

Action                   |  1- 3 |  4- 6 || total
-------------------------+-------+-------++-------
Melee: Unarmed           |    69 |     2 ||    71
       Kick              |    12 |       ||    12
       Constrict         |    17 |     1 ||    18
       Tentacles         |    11 |       ||    11
 Cast: Beastly Appendage |    19 |     1 ||    20
       Spider Form       |     1 |       ||     1
 Stab: Sleeping          |     4 |       ||     4
Armor: Skin              |     5 |       ||     5
Dodge: Dodged            |    48 |     1 ||    49
